 Dungeon Crawl Stone Soup version 0.28-a0-535-g6f645e4c1d (webtiles) character file.

Game seed: 10418204051110954694

875 blank1 the Skirmisher (level 7, 0/94 HPs)
             Began as a Minotaur Fighter on Sept 26, 2021.
             Succumbed to a scorpion's poison
             ... on level 5 of the Dungeon.
             The game lasted 00:09:38 (4061 turns).

blank1 the Skirmisher (Minotaur Fighter)            Turns: 4061, Time: 00:09:39

Health: 0/94       AC: 13    Str: 22    XL:     7   Next: 74%
Magic:  6/6        EV:  7    Int:  5    God:
Gold:   190        SH:  9    Dex: 10    Spells: 6/6 levels left

rFire   . . .      SeeInvis .   a - +0 war axe
rCold   . . .      Faith    .   c - +0 buckler
rNeg    . . .      Spirit   .   o - +0 plate armour
rPois   +          Reflect  +   (helmet restricted)
rElec   .          Harm     .   v - scarf {+Inv}
rCorr   .          Rampage  .   e - +0 pair of gloves
Will    +....                   (no boots)
Stlth   ..........              b - amulet of reflection
HPRegen 0.25/turn               i - ring of poison resistance
MPRegen 0.10/turn               t - ring of willpower

@: berserking, lethally poisoned (0 -> -4), very quick
A: horns 2, retaliatory headbutt, mutation resistance 1, MP-powered wands
a: Evoke Invisibility


You were on level 5 of the Dungeon.
You visited 1 branch of the dungeon, and saw 5 of its levels.

You collected 190 gold pieces.

Inventory:

Hand Weapons
 a - a +0 war axe (weapon)
 y - a +2 spear of freezing
Armour
 c - a +0 buckler (worn)
 e - a +0 pair of gloves (worn)
 o - a +0 plate armour (worn)
 v - a scarf of invisibility (worn)
Jewellery
 b - an amulet of reflection (around neck)
 h - a ring of protection from cold
 i - a ring of poison resistance (left hand)
 t - a ring of willpower (right hand)
Wands
 r - a wand of polymorph (10)
 u - a wand of mindburst (12)
 x - a wand of acid (7)
Scrolls
 f - 2 scrolls of teleportation
 k - a scroll of magic mapping {unknown}
 m - a scroll of blinking {unknown}
 n - 2 scrolls of enchant armour {unknown}
 q - a scroll of vulnerability {unknown}
 w - a scroll of noise {unknown}
Potions
 d - a potion of might
 g - 2 potions of lignification
 j - 4 potions of resistance
 l - a potion of magic
 p - a potion of flight


   Skills:
 + Level 6.2 Fighting
 - Level 6.0 Axes
 - Level 6.0 Armour
 - Level 3.0 Dodging
 + Level 4.3 Shields
 + Level 2.4 Evocations


You had 6 spell levels left.
You didn't know any spells.
Your spell library contained the following spells:

 Spells                   Type           Power      Damage    Failure   Level
 Freeze                   Ice            0%         1d3       100%        1
 Frozen Ramparts          Ice            0%         1d2       100%        3
 Portal Projectile        Hex/Tloc       0%         N/A       100%        3
 Teleport Other           Tloc           0%         N/A       100%        3
 Dispel Undead            Necr           0%         3d6       100%        4
 Hailstorm                Conj/Ice       0%         3d3       100%        4
 Malign Gateway           Summ/Tloc      0%         N/A       100%        7
 Borgnjor's Revivificati  Necr           0%         N/A       100%        8
 Necromutation            Tmut/Necr      0%         N/A       100%        8
 Death's Door             Necr           0%         N/A       100%        9


Dungeon Overview and Level Annotations

Branches:
Dungeon (5/15)
 Temple: D:4-7

Altars:
Ashenzari
Xom


Innate Abilities, Weirdness & Mutations

You have a pair of horns on your head.
You reflexively headbutt those who attack you in melee.
You are somewhat resistant to further mutation.
You expend magic power (3 MP) to strengthen your wands.


Message History

You closely miss the adder. The adder bites you but does no damage.
The scorpion stings you but does no damage.
You block the adder's attack.
Your plate armour prevents you from hitting the adder.
You hit the ogre. You closely miss the scorpion.
You block the scorpion's attack. The ogre hits you with a +0 giant club!
The adder barely misses you.
The scorpion stings you but does no damage.
You slash the adder!
You kill the adder!
You barely miss the scorpion. You hit the ogre.
The ogre hits you with a +0 giant club!
* * * LOW HITPOINT WARNING * * *
The scorpion stings you.
* * * LOW HITPOINT WARNING * * *
You feel better. The scorpion stings you.
* * * LOW HITPOINT WARNING * * *
The scorpion stings you.
* * * LOW HITPOINT WARNING * * *
You are lethally poisoned!
The scorpion poisons you!
* * * LOW HITPOINT WARNING * * *
You feel sick. You block the ogre's attack.
It was a potion of berserk rage.
A red film seems to cover your vision as you go berserk!
You feel yourself moving faster!
You feel mighty!
* * * LOW HITPOINT WARNING * * *
You feel sick. The scorpion stings you.
* * * LOW HITPOINT WARNING * * *
Unknown command.
Unknown command.
Unknown command.
Unknown command.
You are too berserk!
Unknown command.
You are too berserk!
You slash the ogre! You headbutt the ogre.
You kill the ogre!
Your plate armour prevents you from hitting the scorpion.
You die...

#.....'....#..
#.....#....#.. #######
#.....#....#.. .......
#.....######.. .......
#............. .......
#.............
.......########.............
.......#..s...............##
......†'..)@..............#
.......#..................#
.......#.......######.....#
.......+.......# #.....#
.....[.#.......# #.....#
.......######### #.....#
....... #.....# .......
#.....# #.....#


You could see a scorpion.

Vanquished Creatures
  Sigmund (D:3)
  A water moccasin (D:4)
  A necrophage (D:4)
  An ogre (D:5)
  A phantom (D:4)
  A scorpion (D:5)
  A gnoll shaman (D:5)
  A centaur skeleton (D:5)
  An iguana (D:4)
  Terence (D:2)
  A hound skeleton (D:4)
  Robin (D:2)
  5 gnolls (D:5)
  10 adders
  A worm (D:3)
  5 dart slugs
  2 orcs
  4 bats
  8 endoplasms
  3 giant cockroaches
  12 goblins
  16 hobgoblins
  6 jackals (D:1)
  4 quokkas
  5 ball pythons
  2 frilled lizards
  5 kobolds
  5 rats
105 creatures vanquished.

Vanquished Creatures (others)
  A plant (D:1)
1 creature vanquished.

Grand Total: 106 creatures vanquished

Notes
Turn   | Place    | Note
-------+----------+-------------------------------------------
     0 | D:1      | blank1 the Minotaur Fighter began the quest for the Orb.
     0 | D:1      | Reached XP level 1. HP: 19/19 MP: 0/0
   177 | D:1      | Reached XP level 2. HP: 16/27 MP: 1/1
   941 | D:1      | Reached XP level 3. HP: 33/33 MP: 2/2
  1109 | D:2      | Noticed Robin
  1123 | D:2      | Gained mutation: You expend magic power (3 MP) to
                  | strengthen your wands. [potion of mutation]
  1123 | D:2      | Gained mutation: You are somewhat resistant to further
                  | mutation. [potion of mutation]
  1146 | D:2      | Killed Robin
  1147 | D:2      | Reached skill level 1 in Dodging
  1147 | D:2      | Reached XP level 4. HP: 12/40 MP: 3/3
  1395 | D:2      | Noticed Terence
  1405 | D:2      | Killed Terence
  1692 | D:3      | Reached skill level 5 in Fighting
  1708 | D:3      | Reached XP level 5. HP: 48/48 MP: 4/4
  1909 | D:3      | Found a faded altar of an unknown god.
  2230 | D:3      | Found a broken altar of Ashenzari.
  2234 | D:3      | Saw a vision of the Shoals and the Snake Pit.
  2234 | D:3      | Noticed a merfolk siren
  2234 | D:3      | Noticed a naga
  2234 | D:3      | Noticed a wind drake
  2234 | D:3      | Noticed a sea snake
  2234 | D:3      | Noticed a naga ritualist
  2234 | D:3      | Noticed a salamander
  2234 | D:3      | Noticed a merfolk
  2234 | D:3      | Noticed a merfolk
  2234 | D:3      | Noticed a salamander
  2234 | D:3      | Noticed a naga mage
  2234 | D:3      | Noticed a naga
  2309 | D:3      | Noticed Sigmund
  2462 | D:3      | Killed Sigmund
  2463 | D:3      | Reached skill level 5 in Axes
  2463 | D:3      | Reached XP level 6. HP: 42/57 MP: 5/5
  3016 | D:4      | Noticed a water moccasin
  3020 | D:4      | Killed a water moccasin
  3058 | D:4      | Got the Guide on Dislocation and Dark Magic
  3190 | D:4      | Reached skill level 5 in Armour
  3190 | D:4      | Reached XP level 7. HP: 61/63 MP: 6/6
  3529 | D:4      | Found a shimmering altar of Xom.
  3594 | D:4      | Reached skill level 1 in Evocations
  3796 | D:5      | Entered Level 5 of the Dungeon
  4059 | D:5      | HP: 2/63 [poisoned by a scorpion]
  4061 | D:5      | Succumbed to a scorpion's poison

Illustrated notes

Levels and vault maps discovered:
D:1:      onia_arrival_mini_maze_b, layout_basic, kennysheep_boxes
D:2:      layout_rooms, uniq_robin, uniq_terence
D:3:      layout_basic, grunt_ashenzari_visionary
          [grunt_ashenzari_visionary_shoals, grunt_ashenzari_visionary_snake],
          chequers_ecumenical_altar_island, nicolae_underground_beach,
          uniq_sigmund
D:4:      layout_loops_ring, old_standard_altar
D:5:      layout_gridville, mainiacjoe_overflow_swirl

Skill      XL: |  1  2  3  4  5  6  7 |
---------------+----------------------+-----
Fighting       | 4 5 6 |  6.2
Armour         | 4 5 6 |  6.0
Shields        | 4 |  4.3
Axes           | 3 4 5 6 |  6.0
Dodging        | 1 2 3 |  3.0
Evocations     | 2 |  2.4

Action                   |  1- 3 |  4- 6 |  7- 9 || total
-------------------------+-------+-------+-------++-------
Melee: War axe           |    83 |   111 |    53 ||   247
       Headbutt          |    10 |    17 |     7 ||    34
       Unarmed           |       |     1 |       ||     1
  Use: Potion            |     2 |     1 |     2 ||     5
       Scroll            |       |     3 |     2 ||     5
Armor: Scale mail        |    56 |     7 |       ||    63
       Plate armour      |       |    26 |    33 ||    59
Dodge: Dodged            |    56 |    31 |    13 ||   100
Block: Buckler           |    26 |    47 |    33 ||   106
       Reflection        |       |     1 |       ||     1

Table legend: (Time is in decaauts)
 A = Elapsed time spent in this place.
 B = Non-inter-level travel time spent in this place.
 C = Inter-level travel time spent in this place.
 D = Time resting spent in this place.
 E = Time spent auto-exploring this place.
 F = Levels seen in this place.
 G = Mean time per level.
                   A        B        C        D        E       F      G
               +--------+--------+--------+--------+--------+-----+--------+
         Total |   4116 |   4024 |     92 |    424 |   2862 |   5 |  823.2 |
       Dungeon |   4116 |   4024 |     92 |    424 |   2862 |   5 |  823.2 |
               +--------+--------+--------+--------+--------+-----+--------+

Top non-repeatable levels by time:
     D:3: 1192 daAuts
     D:1: 996 daAuts
     D:4: 828 daAuts
     D:2: 828 daAuts
     D:5: 271 daAuts
